AoeStats
← GreatPerson25

Arabia

508432772Analyzed
1v1 RM · 9d ago on Sep 22, 2026· 31m 1s· 2 players
Game mode
Random Map
Map size
Tiny (2 player)
Population
200
Speed
Normal
Resources
Standard
Victory
Conquest
Starting age
Dark Age
Ending age
Imperial Age
RankedLock teamsTeams togetherTeam positionsShared explorationLock speedFull tech treeHidden civsTurbo modeCheats
Victory
Defeat
🇮🇹 Malay · Italy
1531
+21
🇺🇸 Muisca · United States
1642
-21
GreatPerson25
10:04 Feudal Age
13:54 Castle Age
15:11 Loom
19:44 Fletching
23:05 Bodkin Arrow
25:03 Padded Archer Armor
27:01 Double-Bit Axe
senzamani
4:57 Loom
10:05 Feudal Age
9:43 Man-at-Arms
14:50 Double-Bit Axe
14:46 Horse Collar
19:27 Castle Age
19:32 Bow Saw
21:10 Wheelbarrow
21:16 Wheelbarrow
20:50 Town Watch
20:57 Horse Collar
27:23 Fletching
31:17 Forging
Connection lost

Rejoining the realm…

Still unreachable

The connection could not be restored.

Session expired

The server has moved on; the page needs a fresh start.